SL
NEW ORLEANS VOODOO @ NEW AMSTERDAM DUTCHMEN
09/21/2034
 
TOP OF THE 1ST
New Orleans Voodoo batting - Pitching for New Amsterdam Dutchmen : LHP José Sipe
Pitching: LHP José Sipe
Batting: RHB Noah Bushby 0-0: Foul Ball, location: 2F
0-1: Foul Ball, location: 2F
0-2: Ball
1-2: Foul Ball, location: 2F
1-2: SINGLE (Flyball, 7S)
Batting: RHB Guillermo Coss 0-0: SINGLE (Groundball, 56D)
Noah Bushby to second
Batting: RHB Griffin Woodfinlevine 0-0: Swinging Strike
0-1: Ball
1-1: Ball
2-1: Called Strike
2-2: Ball
3-2: Grounds into double play, 6-4-3 (Groundball, 6)
Noah Bushby to third
Batting: RHB Guy Toussaint 0-0: Ball
1-0: Foul Ball, location: 2F
1-1: Foul Ball, location: 2F
1-2: Ball
2-2: Ball
3-2: Foul Ball, location: 2F
3-2: Ground out 6-3 (Groundball, 6)
Top of the 1st over - 0 runs, 2 hits, 0 errors, 1 left on base; New Orleans 0 - New Amsterdam 0
BOTTOM OF THE 1ST
New Amsterdam Dutchmen batting - Pitching for New Orleans Voodoo : LHP Fernando Padilla
Pitching: LHP Fernando Padilla
Batting: RHB James Hemwick 0-0: Called Strike
0-1: Ball
1-1: Ground out 6-3 (Groundball, 56)
Batting: LHB Takayuki Yoshikawa 0-0: Ball
1-0: Ball
2-0: Ball
3-0: Called Strike
3-1: Foul Ball, location: 2F
3-2: Base on Balls
Batting: LHB Divine Diablo 0-0: Ball
1-0: Called Strike
1-1: 2-RUN HOME RUN (Line Drive, 9D), Distance : 372 ft
Batting: RHB Kyu-cheol Kye 0-0: Called Strike
0-1: Ground out 5-3 (Groundball, 5L)
Batting: LHB Nobuo Yamashita 0-0: Ball
1-0: Called Strike
1-1: Fly out, F2 (Popup, 5SF)
Bottom of the 1st over - 2 runs, 1 hit, 0 errors, 0 left on base; New Orleans 0 - New Amsterdam 2
TOP OF THE 2ND
New Orleans Voodoo batting - Pitching for New Amsterdam Dutchmen : LHP José Sipe
Batting: RHB Apu Nahasapeemapetilon 0-0: Called Strike
0-1: Called Strike
0-2: Ball
1-2: Ground out 6-3 (Groundball, 6)
Batting: RHB Eikki Kankaanperä 0-0: Called Strike
0-1: Ground out 6-3 (Groundball, 6)
Batting: RHB Claudio Tappen 0-0: Called Strike
0-1: Fly out, F1 (Popup, 15)
Top of the 2nd over - 0 runs, 0 hits, 0 errors, 0 left on base; New Orleans 0 - New Amsterdam 2
BOTTOM OF THE 2ND
New Amsterdam Dutchmen batting - Pitching for New Orleans Voodoo : LHP Fernando Padilla
Batting: LHB José Corona 0-0: Called Strike
0-1: Foul Ball, location: 2F
0-2: Ball
1-2: Foul Ball, location: 2F
1-2: Foul Ball, location: 2F
1-2: Foul Ball, location: 2F
1-2: Ball
2-2: Ball
3-2: Foul Ball, location: 2F
3-2: Foul Ball, location: 2F
3-2: Foul Ball, location: 2F
3-2: Foul Ball, location: 2F
3-2: Foul Ball, location: 2F
3-2: Ground out 6-3 (Groundball, 6MS)
Batting: RHB Ricardo Pulido 0-0: Ball
1-0: Ball
2-0: Foul Ball, location: 2F
2-1: Ground out 6-3 (Groundball, 6)
Batting: LHB Ángel Ríos 0-0: Ball
1-0: Ground out 5-3 (Groundball, 56S)
Bottom of the 2nd over - 0 runs, 0 hits, 0 errors, 0 left on base; New Orleans 0 - New Amsterdam 2
TOP OF THE 3RD
New Orleans Voodoo batting - Pitching for New Amsterdam Dutchmen : LHP José Sipe
Batting: RHB Colm Goodwill 0-0: Ball
1-0: Ball
2-0: Ground out 3-1 (Groundball, 34)
Batting: RHB Sergio Vásquez 0-0: DOUBLE (Line Drive, 7D)
Batting: RHB Noah Bushby 0-0: Swinging Strike
0-1: Foul Ball, location: 2F
0-2: Fly out, F9 (Flyball, 89S)
Batting: RHB Guillermo Coss 0-0: Ball
1-0: Ground out 4-3 (Groundball, 4)
Top of the 3rd over - 0 runs, 1 hit, 0 errors, 1 left on base; New Orleans 0 - New Amsterdam 2
BOTTOM OF THE 3RD
New Amsterdam Dutchmen batting - Pitching for New Orleans Voodoo : LHP Fernando Padilla
Batting: LHB Jurg Ursin 0-0: Called Strike
0-1: Ground out 6-3 (Groundball, 6)
Batting: RHB James Hemwick 0-0: Ball
1-0: Ball
2-0: Ball
3-0: Called Strike
3-1: Foul Ball, location: 2F
3-2: Foul Ball, location: 2F
3-2: DOUBLE (Line Drive, 78D)
Batting: LHB Takayuki Yoshikawa 0-0: Ball
1-0: Ball
2-0: Ground out 6-3 (Groundball, 56)
Batting: LHB Divine Diablo 0-0: Ball
1-0: Fly out, F8 (Flyball, 8RD)
Bottom of the 3rd over - 0 runs, 1 hit, 0 errors, 1 left on base; New Orleans 0 - New Amsterdam 2
TOP OF THE 4TH
New Orleans Voodoo batting - Pitching for New Amsterdam Dutchmen : LHP José Sipe
Batting: RHB Griffin Woodfinlevine 0-0: Ball
1-0: Ball
2-0: Foul Ball, location: 2F
2-1: SINGLE (Groundball, 56D)
Batting: RHB Guy Toussaint 0-0: Ball
1-0: Foul Ball, location: 2F
1-1: Grounds into double play, 6-4-3 (Groundball, 6)
Batting: RHB Apu Nahasapeemapetilon 0-0: Foul Ball, location: 2F
0-1: Ball
1-1: SINGLE (Groundball, 56D)
Batting: RHB Eikki Kankaanperä 0-0: Ball
1-0: Foul Ball, location: 2F
1-1: Ball
2-1: Foul Ball, location: 2F
2-2: Strikes out swinging, 2-3 out at first.
Top of the 4th over - 0 runs, 2 hits, 0 errors, 1 left on base; New Orleans 0 - New Amsterdam 2
BOTTOM OF THE 4TH
New Amsterdam Dutchmen batting - Pitching for New Orleans Voodoo : LHP Fernando Padilla
Batting: RHB Kyu-cheol Kye 0-0: Fly out, F6 (Popup, 6S)
Batting: LHB Nobuo Yamashita 0-0: Called Strike
0-1: SINGLE (Flyball, 8RS)
Batting: LHB José Corona 0-0: Ball
1-0: Called Strike
1-1: Ball
Nobuo Yamashita steals 2nd base
2-1: Ball
3-1: Called Strike
3-2: Foul Ball, location: 2F
3-2: Foul Ball, location: 2F
3-2: Ground out 6-3 (Groundball, 6)
Nobuo Yamashita to third
Batting: RHB Ricardo Pulido 0-0: Called Strike
0-1: Foul Ball, location: 2F
0-2: Ground out 6-3 (Groundball, 6)
Bottom of the 4th over - 0 runs, 1 hit, 0 errors, 1 left on base; New Orleans 0 - New Amsterdam 2
TOP OF THE 5TH
New Orleans Voodoo batting - Pitching for New Amsterdam Dutchmen : LHP José Sipe
Batting: RHB Claudio Tappen 0-0: Ball
1-0: DOUBLE (Line Drive, 7D)
Batting: RHB Colm Goodwill 0-0: Ball
1-0: Ball
2-0: Ball
3-0: Base on Balls
Batting: RHB Sergio Vásquez 0-0: Ball
1-0: Ball
2-0: Ball
3-0: Called Strike
3-1: Bunted foul
3-2: Fielders Choice at 2nd, 6-4 (Groundball, 6)
Claudio Tappen to third
Batting: RHB Noah Bushby 0-0: Called Strike
0-1: Swinging Strike
0-2: Ball
1-2: Ball
2-2: Grounds into double play, 6-4-3 (Groundball, 6)
Top of the 5th over - 0 runs, 1 hit, 0 errors, 1 left on base; New Orleans 0 - New Amsterdam 2
BOTTOM OF THE 5TH
New Amsterdam Dutchmen batting - Pitching for New Orleans Voodoo : LHP Fernando Padilla
Batting: LHB Ángel Ríos 0-0: SOLO HOME RUN (Line Drive, 9LD), Distance : 368 ft
Batting: LHB Jurg Ursin 0-0: Called Strike
0-1: Foul Ball, location: 2F
0-2: Ball
1-2: Strikes out swinging
Batting: RHB James Hemwick 0-0: Ball
1-0: Ball
2-0: Called Strike
2-1: Foul Ball, location: 2F
2-2: Foul Ball, location: 2F
2-2: Fly out, F8 (Flyball, 8LM)
Batting: LHB Takayuki Yoshikawa 0-0: Called Strike
0-1: Ball
1-1: Ground out U3 (Groundball, 3)
Bottom of the 5th over - 1 run, 1 hit, 0 errors, 0 left on base; New Orleans 0 - New Amsterdam 3
TOP OF THE 6TH
New Orleans Voodoo batting - Pitching for New Amsterdam Dutchmen : LHP José Sipe
Batting: RHB Guillermo Coss 0-0: SINGLE (Groundball, 4) (infield hit)
Batting: RHB Griffin Woodfinlevine 0-0: Ball
1-0: Ball
2-0: Ball
3-0: Called Strike
3-1: Swinging Strike
3-2: Base on Balls
Guillermo Coss to second
Batting: RHB Guy Toussaint 0-0: Called Strike
0-1: Swinging Strike
0-2: Ball
1-2: Fielders Choice at 2nd, 3-6 (Groundball, 34)
Guillermo Coss to third
Batting: RHB Apu Nahasapeemapetilon 0-0: DOUBLE (Groundball, 5L)
Guillermo Coss scores
Guy Toussaint to third
Batting: RHB Eikki Kankaanperä 0-0: Ball
1-0: Ground out 5-3 (Groundball, 56S)
Batting: RHB Claudio Tappen 0-0: Ball
1-0: Ball
Wild Pitch!
Guy Toussaint scores
Apu Nahasapeemapetilon to third
2-0: Ball
3-0: Called Strike
3-1: Fly out, F7 (Flyball, 7)
Top of the 6th over - 2 runs, 2 hits, 0 errors, 1 left on base; New Orleans 2 - New Amsterdam 3
BOTTOM OF THE 6TH
New Amsterdam Dutchmen batting - Pitching for New Orleans Voodoo : LHP Fernando Padilla
Batting: LHB Divine Diablo 0-0: Ball
1-0: Ground out 4-3 (Groundball, 4)
Batting: RHB Kyu-cheol Kye 0-0: Ground out 1-3 (Groundball, 13)
Batting: LHB Nobuo Yamashita 0-0: Ball
1-0: Called Strike
1-1: Called Strike
1-2: Ball
2-2: Foul Ball, location: 2F
2-2: Strikes out swinging
Bottom of the 6th over - 0 runs, 0 hits, 0 errors, 0 left on base; New Orleans 2 - New Amsterdam 3
TOP OF THE 7TH
New Orleans Voodoo batting - Pitching for New Amsterdam Dutchmen : LHP José Sipe
Batting: RHB Colm Goodwill 0-0: Swinging Strike
0-1: Called Strike
0-2: Ball
1-2: Strikes out looking
Batting: RHB Sergio Vásquez 0-0: Ball
1-0: Foul Ball, location: 2F
1-1: Ball
2-1: Ground out 5-3 (Groundball, 56S)
Batting: RHB Noah Bushby 0-0: Fly out, F7 (Line Drive, 7D)
Top of the 7th over - 0 runs, 0 hits, 0 errors, 0 left on base; New Orleans 2 - New Amsterdam 3
BOTTOM OF THE 7TH
New Amsterdam Dutchmen batting - Pitching for New Orleans Voodoo : LHP Fernando Padilla
Batting: LHB José Corona 0-0: Ball
1-0: Ball
2-0: Foul Ball, location: 2F
2-1: Ball
3-1: Base on Balls
Pitching: RHP Grover Lowdermilk
Batting: RHB Ricardo Pulido 0-0: Bunt missed!
0-1: Sac Bunt - play at first, batter OUT! 2-4
José Corona to second
Batting: LHB Ángel Ríos 0-0: Foul Ball, location: 2F
0-1: Called Strike
0-2: Ground out U3 (Groundball, 34S)
José Corona to third
Batting: LHB Jurg Ursin 0-0: Ball
1-0: Ground out 4-3 (Groundball, 4M)
Bottom of the 7th over - 0 runs, 0 hits, 0 errors, 1 left on base; New Orleans 2 - New Amsterdam 3
TOP OF THE 8TH
New Orleans Voodoo batting - Pitching for New Amsterdam Dutchmen : LHP José Sipe
Batting: RHB Guillermo Coss 0-0: Called Strike
0-1: Ball
1-1: Ball
2-1: SINGLE (Line Drive, 4MD)
Pitching: RHP Orynn Veillon
Batting: RHB Griffin Woodfinlevine 0-0: Fly out, F4 (Line Drive, 4)
Batting: RHB Guy Toussaint 0-0: Called Strike
0-1: SINGLE (Groundball, 56D)
Guillermo Coss to second
Batting: RHB Apu Nahasapeemapetilon 0-0: Ball
1-0: Ball
2-0: Foul Ball, location: 2F
2-1: Foul Ball, location: 2F
2-2: Fly out, F8 (Flyball, 8RD)
Pinch Hitting: RHB Gilberto Juárez 0-0: Ball
1-0: Fly out, F8 (Flyball, 8LS)
Top of the 8th over - 0 runs, 2 hits, 0 errors, 2 left on base; New Orleans 2 - New Amsterdam 3
BOTTOM OF THE 8TH
New Amsterdam Dutchmen batting - Pitching for New Orleans Voodoo : RHP Grover Lowdermilk
Now in RF: José Ruíz
Batting: RHB James Hemwick 0-0: Called Strike
0-1: Foul Ball, location: 2F
0-2: Strikes out looking
Batting: LHB Takayuki Yoshikawa 0-0: Ball
1-0: Foul Ball, location: 2F
1-1: Fly out, F7 (Flyball, 7S)
Batting: LHB Divine Diablo 0-0: Fly out, F6 (Line Drive, 6)
Bottom of the 8th over - 0 runs, 0 hits, 0 errors, 0 left on base; New Orleans 2 - New Amsterdam 3
TOP OF THE 9TH
New Orleans Voodoo batting - Pitching for New Amsterdam Dutchmen : RHP Orynn Veillon
Batting: RHB Claudio Tappen 0-0: Ball
1-0: Called Strike
1-1: Foul Ball, location: 2F
1-2: Strikes out swinging
Batting: RHB Colm Goodwill 0-0: Swinging Strike
0-1: Ball
1-1: Ball
2-1: SINGLE (Groundball, 6MD)
Batting: RHB Sergio Vásquez 0-0: Ball
1-0: Called Strike
1-1: Ball
2-1: Ball
3-1: Swinging Strike
3-2: Foul Ball, location: 2F
3-2: Base on Balls
Colm Goodwill to second
Batting: RHB Noah Bushby 0-0: Called Strike
Throwing error on steal attempt, E2
Colm Goodwill scores
Sergio Vásquez to third
0-1: Ball
1-1: Swinging Strike
1-2: SINGLE (Line Drive, 7LS)
Sergio Vásquez scores
Batting: RHB Guillermo Coss 0-0: Foul Ball, location: 2F
0-1: Ball
1-1: Ball
2-1: SINGLE (Flyball, 9S)
Noah Bushby to second
Runner from 2nd tries for 3rd, SAFE, throw made to third
Batting: RHB Griffin Woodfinlevine 0-0: Ball
1-0: Ball
2-0: Ball
3-0: Base on Balls
Guillermo Coss to second
Batting: RHB Guy Toussaint 0-0: Ball
1-0: SINGLE (Groundball, 4MD)
Noah Bushby scores
Guillermo Coss to third
Griffin Woodfinlevine to second
Runner from 3rd tries for Home, SAFE, no throw
Pitching: RHP Daniel Lavalley
Batting: RHB Apu Nahasapeemapetilon 0-0: Called Strike
0-1: Ball
1-1: SINGLE (Groundball, 4MD)
Griffin Woodfinlevine to third
Guy Toussaint to second
Batting: LHB José Ruíz 0-0: Ball
1-0: Ball
2-0: Ball
3-0: Base on Balls
Griffin Woodfinlevine scores
Guy Toussaint to third
Apu Nahasapeemapetilon to second
Batting: RHB Claudio Tappen 0-0: Ball
1-0: Swinging Strike
1-1: Ball
2-1: Swinging Strike
2-2: Ball
3-2: SINGLE (Groundball, 6D)
Guy Toussaint scores
Apu Nahasapeemapetilon to third
José Ruíz to second
Runner from 3rd tries for Home, SAFE, throw made home
Batting: RHB Colm Goodwill 0-0: Foul Ball, location: 2F
0-1: Fly out, F8 (Flyball, 78M)
Batting: RHB Sergio Vásquez 0-0: Called Strike
0-1: Foul Ball, location: 2F
0-2: Ground out 5-3 (Groundball, 56S)
Top of the 9th over - 7 runs, 6 hits, 1 error, 2 left on base; New Orleans 9 - New Amsterdam 3
BOTTOM OF THE 9TH
New Amsterdam Dutchmen batting - Pitching for New Orleans Voodoo : RHP Grover Lowdermilk
Batting: RHB Kyu-cheol Kye 0-0: Ball
1-0: Foul Ball, location: 2F
1-1: Ball
2-1: Foul Ball, location: 2F
2-2: Foul Ball, location: 2F
2-2: Strikes out looking
Batting: LHB Nobuo Yamashita 0-0: SINGLE (Line Drive, 9LS)
Batting: LHB José Corona 0-0: SINGLE (Flyball, 9LM)
Nobuo Yamashita to second
Batting: RHB Ricardo Pulido 0-0: Grounds into double play, 4-6-3 (Groundball, 4)
Bottom of the 9th over - 0 runs, 2 hits, 0 errors, 1 left on base; New Orleans 9 - New Amsterdam 3
Friday, March 29th, 2019 - OOTP Baseball 18.8 Build 76